 Dungeon Crawl Stone Soup version 0.18-a0-1778-gadce9fa (webtiles) character file.

100188 epen the Fencer (level 16, -9/151 HPs)
             Began as a Naga Gladiator on Apr 16, 2016.
             Was a High Priest of Trog.
             Drowned by a drowned soul (17 damage)
             ... summoned by a merfolk avatar
             ... on level 2 of the Shoals.
             The game lasted 01:19:15 (34077 turns).

epen the Fencer (Naga Gladiator)                   Turns: 34077, Time: 01:19:16

Health: -9/151     AC: 32    Str: 28    XL:     16   Next: 27%
Magic:  5/5        EV: 18    Int:  8    God:    Trog [*****.]
Gold:   2481       SH:  0    Dex: 21    Spells: 0 memorised, 15 levels left

rFire  . . .     SeeInvis +     G - +6 double sword (antimagic)
rCold  . . .     Gourm    .     h - +4 plate armour
rNeg   + + .     Faith    .     (no shield)
rPois  +         Spirit   .     c - +0 helmet
rElec  +         Dismiss  +     P - +0 cloak {+Inv}
rCorr  .         Reflect  .     W - +0 pair of gloves {archery}
SustAt .         Harm     .     Z - +0 naga barding {Stlth+}
MR     ++++.     Rnd*Rage +     y - amulet of Cekugob {Dismiss -Tele rElec rPois rN++ AC+1 EV+1}
Stlth  .......... NoTele   +    B - +5 ring of evasion
                                X - ring of the Sparrow {+Fly MR++ Str+3 Int-3 Dex+8}

@: very slow, incredibly resistant to hostile enchantments, extremely unstealthy
A: claws 1, molten scales 1, see invisible, agile 1, berserk 1, blink, deformed
body, low mp 1, poison resistance, slowness 2, slow metabolism 1, spit poison 2,
strong 1, no device heal 2, constrict 1, AC +5
a: Spit Poison, Blink, Berserk, Trog's Hand, Brothers in Arms, Burn Spellbooks,
Renounce Religion, Evoke Invisibility, Evoke Flight


You were on level 2 of the Shoals.
You worshipped Trog.
Trog was extremely pleased with you.
You were hungry.

You visited 4 branches of the dungeon, and saw 24 of its levels.
You also visited: Bailey and Volcano.

You collected 2760 gold pieces.
You spent 279 gold pieces at shops.

Inventory:

Hand Weapons
 b - a +2 vampiric triple sword
 p - the cursed +2 rapier of Ucusin {flame, +Blink +Fly rF+ Int+3 Stlth+}
   (You bought it in a shop on level 2 of the Orcish Mines)

   It has been specially enchanted to burn those struck by it, causing extra
   injury to most foes and up to half again as much damage against particularly
   susceptible opponents.
   It affects your intelligence (+3).
   It protects you from fire.
   It lets you fly.
   It lets you blink.
   It makes you more stealthy.
   It has a curse placed upon it.
 G - a +6 antimagic double sword (weapon)
 S - a +4 great sword of flaming
Missiles
 d - 6 throwing nets (quivered)
Armour
 c - a +0 helmet (worn)
 h - a +4 plate armour (worn)
 L - a +0 large shield
 P - a +0 cloak of invisibility (worn)
 W - a +0 pair of gloves of archery (worn)
 Z - a +0 naga barding of stealth (worn)
Jewellery
 s - an uncursed ring of resist corrosion
 y - the amulet of Cekugob (around neck) {Dismiss -Tele rElec rPois rN++ AC+1 EV+1}
   (You took it off a kobold on level 5 of the Dungeon)

   [amulet of dismissal]

   It may teleport away creatures that harm you.
   It affects your AC (+1).
   It affects your evasion (+1).
   It insulates you from electricity.
   It protects you from poison.
   It greatly protects you from negative energy.
   It prevents most forms of teleportation.
 B - a +5 ring of evasion (right hand)
 C - an uncursed ring of fire
 Q - an uncursed amulet of regeneration
 X - the ring of the Sparrow (left hand) {+Fly MR++ Str+3 Int-3 Dex+8}
   (You found it on level 2 of the Lair of Beasts)

   [ring of flight]

   It affects your strength (+3).
   It affects your intelligence (-3).
   It affects your dexterity (+8).
   It affects your resistance to hostile enchantments.
   It lets you fly.
Wands
 l - a wand of disintegration (7/24)
 m - a wand of digging (24/24)
Scrolls
 q - a scroll of fog
 r - 2 scrolls of enchant weapon
 u - 2 scrolls of recharging
 w - 12 scrolls of remove curse
 x - 2 scrolls of fear
 z - 4 scrolls of teleportation
 A - 4 scrolls of enchant armour
 J - 3 scrolls of blinking
 K - a scroll of summoning
 N - 3 scrolls of magic mapping
 U - 8 scrolls of identify
Potions
 e - 4 potions of lignification
 k - a potion of agility
 n - 2 potions of brilliance
 o - 7 potions of flight
 t - 3 potions of might
 v - 2 potions of magic
 F - a potion of cancellation
 I - 3 potions of curing
 M - a potion of ambrosia
 R - a potion of resistance
 T - a potion of cure mutation
 V - 2 potions of berserk rage
 Y - 2 potions of invisibility
Comestibles
 f - 13 bread rations
 g - 28 fruits
 j - 9 meat rations
 D - 4 beef jerkies
 E - 2 slices of pizza
 H - 4 royal jellies


   Skills:
 + Level 11.4 Fighting
 * Level 16.0 Long Blades
 - Level 1.7 Throwing
 * Level 12.2 Armour
 + Level 11.6 Dodging
 - Level 3.0 Stealth
 - Level 3.2 Shields
 + Level 4.9 Evocations


You had 15 spell levels left.
You didn't know any spells.

Dungeon Overview and Level Annotations

Branches:
Dungeon (12/15)            Temple (0/1) D:7            Lair (8/8) D:9
 Shoals (2/4) Lair:3        Snake (0/4) Lair:3        Slime (0/6) Lair:8
    Orc (2/2) D:11            Elf (0/3) Orc:2

Altars:
Fedhas
Gozag
Kikubaaqudgha
Makhleb
Okawaru
Qazlal
Ru
Sif Muna
Trog
Xom
Zin
The Shining One
Beogh

Shops:
D:9 [   Orc:2 ([:*

Annotations:
D:6 1 exclusion
D:7 2 runed doors
D:9 exclusion: oklob plant


Innate Abilities, Weirdness & Mutations

You cannot wear boots.
Your serpentine skin is tough (AC +5).
You have supernaturally acute eyesight.
Armour fits poorly on your strangely shaped body.
Your system is resistant to poisons.
You cover ground very slowly.
You have a slow metabolism.
You can spit poison.
You can use your snake-like lower body to constrict enemies.
You have sharp fingernails.
You are partially covered in molten scales (AC +1).
You are agile. (Dex +2)
You tend to lose your temper in combat.
You can translocate small distances at will.
Your magical capacity is low (-10% MP).
Your muscles are strong. (Str +2)
Potions and wands are poor at restoring your health.


Message History

The merfolk avatar is heavily wounded.
You constrict the merfolk avatar! You slash the merfolk avatar!
The merfolk avatar's magic leaks into the air.
The merfolk avatar is severely wounded.
You constrict the merfolk avatar! The drowned soul touches you.
The drowned soul drowns you!
* * * LOW HITPOINT WARNING * * *
Your plate armour prevents you from hitting the merfolk avatar.
The merfolk avatar is severely wounded.
You constrict the merfolk avatar.
The merfolk avatar falters for a moment.
The drowned soul touches you. The drowned soul drowns you!
* * * LOW HITPOINT WARNING * * *
Drink which item? (? for menu, Esc to quit)
You feel better.
You constrict the merfolk avatar!
The merfolk avatar chants a haunting song.
You resist with almost no effort. The drowned soul touches you.
The drowned soul drowns you!
You die...

≈≈≈≈≈....≈..##.............##.≈≈≈
≈≈≈≈≈≈...≈†.#.†.≈≈........###.≈≈≈
≈≈≈≈≈≈≈.≈≈≈≈....≈≈.≈≈≈...≈≈.)≈.≈≈
≈≈≈≈≈≈..≈≈≈≈≈≈..≈≈≈≈≈≈..≈≈≈≈≈<≈≈≈
≈≈≈≈≈≈≈≈≈≈≈≈≈≈≈≈≈≈≈≈≈≈..)≈≈≈((≈(≈
≈≈≈≈≈≈≈≈.≈≈≈..†≈≈≈≈≈≈≈≈≈≈≈≈[≈≈≈≈≈
≈≈≈≈≈≈≈≈≈≈≈≈.†≈≈≈≈≈≈≈≈≈≈≈≈......≈
≈≈≈≈≈≈≈≈≈≈≈≈≈≈≈≈≈≈≈≈≈≈≈≈≈..##...≈
≈≈≈≈≈≈≈≈≈≈≈≈≈≈≈≈@≈≈≈≈≈≈≈≈.####..≈
≈≈≈≈≈≈≈≈≈≈≈≈m≈≈≈≈≈≈≈≈.####...
≈≈≈≈≈≈≈≈≈≈W≈≈≈≈≈≈≈≈≈≈≈.......
≈≈≈≈≈≈≈≈≈≈≈≈≈≈≈≈≈≈≈≈≈≈...#...
≈≈≈≈≈≈≈≈≈≈≈≈≈≈≈≈≈≈≈≈≈≈.##...
≈≈≈≈≈≈≈≈≈≈≈≈≈≈≈≈≈≈≈≈.##..#
≈≈≈≈≈≈≈≈≈≈≈≈≈≈≈≈≈≈.......
≈≈≈≈≈≈≈≈≈≈≈≈≈≈≈≈≈≈.......
≈≈...###


You could see a merfolk avatar and a drowned soul.

Vanquished Creatures
  Rupert (Orc:2)
  Gastronok (D:8)
  Frances (D:12)
  The ghost of nono the Severer, a journeyman DDBe of Trog (Lair:8)
  Snorg (Lair:3)
  Josephine (Orc:2)
  A merfolk javelineer (Shoals:1)
  A merfolk impaler (Shoals:1)
  2 catoblepae
  7 hydras
  A merfolk avatar (Shoals:1)
  Erica (Lair:1)
  4 orc high priests
  6 sea snakes
  Pikel (D:6)
  3 hill giants (D:12)
  16 harpies
  A deep elf mage (D:10)
  5 griffons
  4 ugly things
  4 orc sorcerers
  4 orc knights (Orc:2)
  3 cyclopes
  6 manticores
  Joseph (D:7)
  Maurice (D:8)
  7 black mambas
  3 sirens (Shoals:1)
  Psyche (D:12)
  3 torpor snails
  A gargoyle (D:10)
  20 spiny frogs
  3 komodo dragons
  A rime drake (Lair:3)
  6 trolls
  2 giant leeches (Lair:8)
  A polar bear (Lair:7)
  A queen bee (Lair:3)
  7 merfolk
  4 two-headed ogres
  3 slime creatures (D:12)
  21 blink frogs
  4 snapping turtles
  6 water elementals
  5 wyverns
  3 wraiths (Orc:1)
  4 fire bats (Volcano)
  5 basilisks
  55 yaks
  2 hungry ghosts (D:12)
  2 steam dragons (D:12)
  7 vampire mosquitoes (Lair:8)
  9 hippogriffs
  A naga (Lair:3)
  A mottled dragon (Volcano)
  3 wargs
  15 water moccasins
  A hell hound (Volcano)
  11 porcupines
  21 orc warriors
  11 black bears
  2 sky beasts
  2 ice beasts
  2 phantoms
  4 slaves (D:6)
  8 ogres
  10 wolves
  11 centaurs
  26 crocodiles
  2 big kobolds
  36 giant frogs
  3 gnoll sergeants (D:11)
  A wyvern skeleton (D:12)
  4 scorpions
  30 killer bees
  A water moccasin skeleton (D:5)
  A howler monkey (D:6)
  5 lava snakes (Volcano)
  2 vampire bats (D:6)
  11 electric eels
  2 crimson imps
  12 jellies
  14 orc wizards
  A giant frog zombie (D:7)
  3 gnoll shamans (D:11)
  A quasit (D:10)
  17 orc priests
  8 hounds
  4 giant frog skeletons
  9 iguanas
  11 worker ants
  47 sheep
  2 hound skeletons
  2 worker ant zombies
  A howler monkey zombie (D:6)
  19 adders
  22 gnolls
  62 river rats
  4 shadow imps
  12 oozes (D:9)
  2 adder skeletons
  5 worms
  2 dart slugs
  7 giant geckos
  49 orcs
  3 ball pythons
  11 bats
  2 bat skeletons (D:6)
  4 bat zombies (D:6)
  2 giant cockroaches (D:2)
  7 goblins
  7 hobgoblins
  11 jackals
  6 quokkas
  2 giant gecko skeletons (D:4)
  2 giant gecko zombies (D:5)
  13 giant newts
  A jackal zombie (D:6)
  14 kobolds
  4 rats (D:1)
  A fungus (Lair:7)
  3 plants (D:11)
900 creatures vanquished.

Vanquished Creatures (collateral kills)
  Polyphemus (Shoals:2)
  An orc warlord (Orc:2)
  3 death yaks (Shoals:2)
  A water nymph (Shoals:2)
  A troll (Orc:2)
  3 orc warriors (Orc:2)
  2 orc priests (Orc:2)
  An orc wizard (Orc:2)
  6 orcs (Orc:2)
  A plant (Shoals:2)
20 creatures vanquished.

Vanquished Creatures (others)
  17 bushes
  30 fungi
  49 plants
96 creatures vanquished.

Grand Total: 1016 creatures vanquished

Notes
Turn   | Place    | Note
--------------------------------------------------------------
     0 | D:1      | epen the Naga Gladiator began the quest for the Orb.
     0 | D:1      | Reached XP level 1. HP: 19/19 MP: 1/1
   494 | D:1      | Reached XP level 2. HP: 16/26 MP: 2/2
  1266 | D:1      | Reached skill level 1 in Stealth
  1406 | D:1      | Reached XP level 3. HP: 13/32 MP: 3/3
  2107 | D:2      | Found a glowing silver altar of Zin.
  2108 | D:2      | Noticed an angel
  2724 | D:2      | Reached XP level 4. HP: 31/39 MP: 4/4
  3133 | D:3      | Reached skill level 4 in Long Blades
  3262 | D:3      | Reached XP level 5. HP: 40/45 MP: 5/5
  3695 | D:3      | Reached skill level 1 in Shields
  4453 | D:4      | Noticed a yak
  4453 | D:4      | Noticed a yak
  4453 | D:4      | Noticed a yak
  4453 | D:4      | Noticed a yak
  4453 | D:4      | Noticed a yak
  4453 | D:4      | Noticed a yak
  4529 | D:4      | Reached XP level 6. HP: 52/52 MP: 6/6
  4621 | D:4      | Found a blossoming altar of Fedhas.
  5482 | D:3      | HP: 2/55 [yak (10)]
  5488 | D:3      | Killed a yak
  5488 | D:3      | Reached skill level 5 in Long Blades
  5488 | D:3      | Reached skill level 1 in Armour
  5488 | D:3      | Reached XP level 7. HP: 31/61 MP: 7/7
  5684 | D:3      | Killed a yak
  6704 | D:4      | Found a sacrificial altar of Ru.
  6799 | D:4      | Reached XP level 8. HP: 44/69 MP: 8/8
  6960 | D:5      | Entered Level 5 of the Dungeon
  7090 | D:5      | Reached skill level 5 in Dodging
  7123 | D:5      | Found a bloodstained altar of Trog.
  7159 | D:5      | Became a worshipper of Trog the Wrathful
  7633 | D:5      | Reached skill level 6 in Long Blades
  8167 | D:5      | Reached * piety under Trog
  8613 | D:6      | Noticed Pikel
  8686 | D:6      | Found an ancient bone altar of Kikubaaqudgha.
  8765 | D:6      | Reached XP level 9. HP: 75/78 MP: 9/9
  8773 | D:6      | Found a deep blue altar of Sif Muna.
  8829 | D:6      | Killed Pikel
  8829 | D:6      | Reached skill level 7 in Long Blades
  8909 | D:6      | Found a burning altar of Makhleb.
  8910 | D:6      | Found an opulent altar of Gozag.
  9491 | D:6      | Reached ** piety under Trog
  9655 | D:4      | Reached skill level 8 in Long Blades
  9676 | D:4      | Reached skill level 5 in Fighting
  9676 | D:4      | Reached XP level 10. HP: 51/88 MP: 10/10
 10131 | D:7      | Found a staircase to the Ecumenical Temple.
 10299 | D:7      | Noticed Joseph
 10352 | D:7      | Killed Joseph
 10352 | D:7      | Reached *** piety under Trog
 10495 | D:7      | Found a shimmering altar of Xom.
 10613 | D:7      | Found a runed door.
 10644 | D:7      | Found a runed door.
 10860 | D:7      | Reached skill level 9 in Long Blades
 11435 | D:8      | Noticed Maurice
 11451 | D:8      | Killed Maurice
 11715 | D:8      | Found a bloodstained altar of Trog.
 11737 | D:8      | Noticed Gastronok
 11771 | D:8      | Killed Gastronok
 11771 | D:8      | Reached skill level 10 in Long Blades
 11771 | D:8      | Reached skill level 5 in Armour
 11771 | D:8      | Reached XP level 11. HP: 47/97 MP: 11/11
 12258 | D:9      | Found Ceivahej's Armour Shoppe.
 12275 | D:9      | Found an iron altar of Okawaru.
 12297 | D:9      | Reached **** piety under Trog
 12347 | D:9      | Found a flagged portal.
 12356 | Bailey   | Entered a bailey
 12356 | Bailey   | Noticed an orc knight
 12361 | Bailey   | Noticed an orc knight
 12700 | D:9      | Noticed an oklob plant
 13091 | D:9      | Found a stormy altar of Qazlal.
 13117 | D:9      | Found an iron altar of Okawaru.
 13169 | D:9      | Found a staircase to the Lair.
 13400 | Lair:1   | Entered Level 1 of the Lair of Beasts
 13585 | Lair:1   | Noticed Erica
 13600 | Lair:1   | Killed Erica
 14422 | Lair:1   | Reached skill level 11 in Long Blades
 14708 | Lair:1   | Reached ***** piety under Trog
 15197 | Lair:2   | Got a transparent bone ring
 15207 | Lair:2   | Reached XP level 12. HP: 89/109 MP: 12/12
 16320 | Lair:3   | Identified the ring of the Sparrow {+Fly MR++ Str+3 Int-3 Dex+8} (You found it on level 2 of the Lair of Beasts)
 16338 | Lair:3   | Found a staircase to the Shoals.
 16626 | Lair:3   | Gained mutation: You have sharp fingernails. [potion of mutation]
 17105 | Lair:3   | Received a gift from Trog
 17339 | Lair:3   | Noticed Snorg
 17353 | Lair:3   | Killed Snorg
 18090 | Lair:3   | Reached skill level 12 in Long Blades
 18355 | Lair:3   | Found a staircase to the Snake Pit.
 19157 | Lair:4   | Reached skill level 10 in Dodging
 19157 | Lair:4   | Gained mutation: You can use your snake-like lower body to constrict enemies. [Naga growth]
 19157 | Lair:4   | Reached XP level 13. HP: 105/118 MP: 13/13
 20019 | Lair:5   | Found a dark tunnel.
 20033 | Volcano  | Entered a volcano
 20099 | Volcano  | Received a gift from Trog
 20293 | Volcano  | Found a burning altar of Makhleb.
 21197 | Lair:5   | Reached skill level 13 in Long Blades
 21352 | Lair:5   | You fall through a shaft!
 21407 | Lair:6   | Identified a scroll of acquirement
 21517 | Lair:6   | Received a gift from Trog
 22254 | Lair:5   | Found a glowing golden altar of the Shining One.
 22338 | Lair:7   | Found a burning altar of Makhleb.
 22980 | Lair:7   | Received a gift from Trog
 23327 | Lair:8   | Entered Level 8 of the Lair of Beasts
 23428 | Lair:8   | Reached XP level 14. HP: 79/129 MP: 14/14
 23482 | Lair:8   | Reached ****** piety under Trog
 23525 | Lair:8   | Reached skill level 10 in Armour
 23999 | Lair:8   | Found a staircase to the Slime Pits.
 24029 | Lair:8   | Reached skill level 14 in Long Blades
 24158 | Lair:8   | Noticed nono's ghost (journeyman DDBe)
 24190 | Lair:8   | Killed nono's ghost
 24722 | Lair:8   | Got a polished dagger
 24723 | Lair:8   | Identified the cursed +1 dagger "Zueseb" {flame, Dex+4 Stlth+} (You found it on level 8 of the Lair of Beasts)
 25186 | D:10     | Entered Level 10 of the Dungeon
 26123 | D:10     | Received a gift from Trog
 26321 | D:11     | Found a staircase to the Orcish Mines.
 26355 | D:11     | Reached skill level 10 in Fighting
 27036 | D:11     | Found a shimmering altar of Xom.
 27301 | D:11     | Received a gift from Trog
 27394 | D:11     | Gained mutation: You are agile. (Dex +2) [mutagenic meat]
 27395 | D:11     | Gained mutation: Your muscles are strong. (Str +2) [mutagenic meat]
 27396 | D:11     | Gained mutation: You are very agile. (Dex +4) [mutagenic meat]
 27585 | D:11     | Gained mutation: You are partially covered in molten scales (AC +1). [mutagenic meat]
 27586 | D:11     | Gained mutation: You tend to lose your temper in combat. [mutagenic meat]
 27587 | D:11     | Gained mutation: You are dopey. (Int -2) [mutagenic meat]
 27588 | D:11     | Gained mutation: Potions and wands are less effective at restoring your health. [mutagenic meat]
 27589 | D:11     | Gained mutation: Your magical capacity is low (-10% MP). [mutagenic meat]
 27590 | D:11     | Lost mutation: You are very agile. (Dex +4) [mutagenic meat]
 28168 | Orc:1    | Entered Level 1 of the Orcish Mines
 28385 | Orc:1    | Reached skill level 1 in Evocations
 28415 | Orc:1    | Reached XP level 15. HP: 139/139 MP: 4/14
 28829 | Orc:2    | Entered Level 2 of the Orcish Mines
 28847 | Orc:2    | Noticed Rupert
 29095 | Orc:1    | Received a gift from Trog
 29167 | Orc:2    | Found a staircase to the Elven Halls.
 29167 | Orc:2    | Found a roughly hewn altar of Beogh.
 29167 | Orc:2    | Found Xyes's General Store.
 29171 | Orc:2    | Noticed an orc warlord
 29329 | Orc:1    | Reached skill level 15 in Long Blades
 30142 | Orc:2    | Killed an orc warlord
 30165 | Orc:2    | Killed Rupert
 30347 | Orc:2    | Found Tisofa's Book Emporium.
 30391 | Orc:2    | Noticed Josephine
 30398 | Orc:2    | Killed Josephine
 30432 | Orc:2    | Found Bulizukast's Antique Armour Shoppe.
 30448 | Orc:2    | Bought a pair of runed gloves for 117 gold pieces
 30519 | Orc:2    | Found Avvaitt's Antique Weapon Shoppe.
 30527 | Orc:2    | Bought a bloodstained rapier for 162 gold pieces
 30527 | Orc:2    | Identified the cursed +2 rapier of Ucusin {flame, +Blink +Fly rF+ Int+3 Stlth+} (You bought it in a shop on level 2 of the Orcish Mines)
 30935 | D:12     | Received a gift from Trog
 30947 | D:12     | Lost mutation: You are dopey. (Int -2) [mutagenic meat]
 30948 | D:12     | Gained mutation: Potions and wands are poor at restoring your health. [mutagenic meat]
 30994 | D:12     | Noticed Psyche
 31000 | D:12     | Killed Psyche
 31239 | D:12     | Noticed Frances
 31246 | D:12     | Killed Frances
 31424 | D:12     | Gained mutation: You can translocate small distances at will. [mutagenic meat]
 31878 | Shoals:1 | Entered Level 1 of the Shoals
 33227 | Shoals:2 | Received a gift from Trog
 33259 | Shoals:2 | Reached XP level 16. HP: 53/150 MP: 5/17
 33583 | Shoals:2 | Noticed Polyphemus
 33606 | Shoals:2 | Killed Polyphemus
 34054 | Shoals:2 | Reached skill level 16 in Long Blades
 34076 | Shoals:2 | HP: 4/151 [drowned by a drowned soul[a merfolk avatar] (12)]
 34077 | Shoals:2 | Drowned by a drowned soul

Vault maps used:
D:1:      sevenhm_arrival_forest_fort_small_4, corexii_item_surrounded_by_moat,
          monster_avoids_cloud
D:2:      zin_angel, minmay_crystal_water, minivault_4
D:4:      nicolae_ru_awakened_eye, first_bread, fedhas_bush_and_centaur_altar
D:5:      bloody_trog
D:6:      led_sif_book, kennysheep_vampire_church, grunt_temple_overflow_open,
          enter_ossuary_5, uniq_pikel
D:7:      lemuel_insect_pit, lemuel_crystal_altar,
          minmay_temple_entry_overgrown, uniq_joseph
D:8:      basic_altar, uniq_maurice, uniq_gastronok
D:9:      lemuel_slime, grunt_qazlal_clouds, okawaru_trees_2, lair_0_dummy,
          basic_altar, serial_shops, shop, enter_bailey_2
D:11:     kennysheep_town
D:12:     uniq_psyche, uniq_frances
Lair:1:   grunt_megastairs_4, uniq_erica
Lair:2:   st_stairs_9
Lair:3:   minmay_shoals_entry_hut, guppyfry_snake_entry_garden, special_room,
          serial_bayou_shore_b, uniq_snorg
Lair:5:   nicolae_volcano_entry_lava_flow, basic_altar, grunt_megastairs_3,
          lemuel_fruit_tree, serial_bayou_shore_a, lemuel_fruit_fields
Lair:7:   basic_altar
Lair:8:   minmay_lair_end_frog_pond, slime_dummy
Shoals:2: cheibrodos_shoals_roost, uniq_nikola, uniq_polyphemus
Orc:2:    grunt_orc_gardens, grunt_orc_garden, grunt_orc_garden,
          grunt_orc_garden, grunt_orc_garden, basic_altar, uniq_josephine,
          uniq_rupert
Bailey:   bailey_polearm_4, bailey
Volcano:  volcano_grotto

Skill      XL: |  1  2  3  4  5  6  7  8  9 10 11 12 13 14 15 16 |
---------------+-------------------------------------------------+-----
Stealth        | 1 2 3 |  3.0
Dodging        | 3 4 5 7 8 9 10 11 | 11.6
Long Blades    | 4 5 6 8 10 11 12 13 14 15 16 | 16.0
Shields        | 1 2 3 |  3.2
Armour         | 1 2 3 5 6 8 9 11 12 | 12.2
Fighting       | 3 5 6 7 8 9 10 11 | 11.4
Evocations     | 1 4 |  4.9
Throwing       | |  1.7

Action                   |  1- 3 |  4- 6 |  7- 9 | 10-12 | 13-15 | 16-18 || total
-------------------------+-------+-------+-------+-------+-------+-------++-------
Melee: Long sword        |   147 |   148 |   338 |   820 |       |       ||  1453
       Dagger            |       |   111 |    83 |       |       |       ||   194
       Triple sword      |       |       |       |   183 |   258 |       ||   441
       Constrict         |       |       |       |       |   278 |    17 ||   295
       Great sword       |       |       |       |       |   528 |       ||   528
       Scimitar          |       |       |       |       |    12 |       ||    12
       Double sword      |       |       |       |       |   444 |   106 ||   550
Throw: Throwing net      |       |       |       |     1 |       |       ||     1
Invok: Berserk           |       |       |     2 |     2 |     1 |       ||     5
       Burn Spellbooks   |       |       |       |       |     1 |       ||     1
       Brothers in Arms  |       |       |       |       |     3 |     1 ||     4
 Abil: Spit Poison       |       |    12 |    18 |    37 |     6 |       ||    73
       Evoke Flight      |       |       |       |     1 |     3 |       ||     4
Evoke: Wand              |       |       |       |     4 |       |       ||     4
  Use: Scroll            |       |    11 |     6 |    14 |    13 |       ||    44
       Potion            |       |     1 |     2 |     2 |     3 |     3 ||    11
 Stab: Distracted        |       |       |       |     1 |       |     1 ||     2
  Eat: Chunk             |     4 |     8 |    12 |    24 |    50 |     2 ||   100
       Fruit             |       |       |     1 |       |     4 |       ||     5
       Royal jelly       |       |       |       |     2 |     2 |       ||     4
       Meat ration       |       |       |       |     1 |     1 |       ||     2
       Pizza             |       |       |       |     1 |       |       ||     1
Armor: Leather armour    |    72 |    91 |    19 |       |       |       ||   182
       Chain mail        |       |       |   150 |   201 |       |       ||   351
       Plate armour      |       |       |       |   154 |   686 |    79 ||   919
Dodge: Dodged            |    97 |   134 |   234 |   845 |  1210 |   115 ||  2635
Block: Buckler           |       |    72 |   122 |   308 |       |       ||   502
